 Dungeon Crawl Stone Soup version 0.19.0-24-gb05acd6 (webtiles) character file.

40 Ice the Skirmisher (level 3, 0/26 HPs)
             Began as a Gargoyle Wanderer on Nov 22, 2016.
             Was an Initiate of Okawaru.
             Slain by a gnoll
             ... wielding a +0 halberd
              (11 damage)
             ... on level 2 of the Dungeon.
             The game lasted 00:05:59 (1203 turns).

Ice the Skirmisher (Gargoyle Wanderer)              Turns: 1203, Time: 00:05:59

Health: 0/26       AC:  7    Str: 15    XL:     3   Next: 50%
Magic:  3/3        EV: 11    Int: 11    God:    Okawaru [......]
Gold:   64         SH:  0    Dex: 11    Spells: 0 memorised, 2 levels left

rFire  . . .     SeeInvis .     a - +2 hand axe
rCold  . . .     Gourm    .     d - +0 robe
rNeg   + . .     Faith    .     (no shield)
rPois  ∞         Spirit   .     (no helmet)
rElec  +         Reflect  .     x - +0 cloak
rCorr  .         Harm     .     (no gloves)
MR     .....                    g - +0 pair of boots
Stlth  +.........               (no amulet)
                                (no ring)
                                (no ring)

@: no status effects
A: negative energy resistance 1, electricity resistance, unbreathing,
petrification resistance, rot immunity, AC +3
a: Renounce Religion


You were on level 2 of the Dungeon.
You worshipped Okawaru.
Okawaru was noncommittal.
You were not hungry.

You visited 1 branch of the dungeon, and saw 2 of its levels.

You collected 64 gold pieces.

Inventory:

Hand Weapons
 a - a +2 hand axe (weapon)
 o - a +0 dagger
Missiles
 h - 15 poisoned needles
 p - 9 arrows
 r - 28 stones (quivered)
 u - 11 bolts
 v - 30 sling bullets
Armour
 d - a +0 robe (worn)
 g - a +0 pair of boots (worn)
 x - a +0 cloak (worn)
Scrolls
 b - a scroll of teleportation
 e - a scroll of recharging
 j - a scroll of immolation {unknown}
 l - a scroll of fear {unknown}
 n - a scroll of noise {unknown}
 q - a scroll of remove curse {unknown}
 t - a scroll of identify
Potions
 c - a potion of curing
 i - a potion of lignification
 m - a potion of flight {unknown}
Comestibles
 f - 2 bread rations
 k - 2 chunks of flesh
 s - a royal jelly
 w - a meat ration


   Skills:
 - Level 5.4 Fighting
 + Level 3.4 Axes
 - Level 1.0 Throwing
 - Level 1.1 Stealth
   Level 1.1 Shields


You had 2 spell levels left.
You didn't know any spells.

Dungeon Overview and Level Annotations

Branches:
Dungeon (2/15)

Altars:
Ashenzari
Okawaru


Innate Abilities, Weirdness & Mutations

You are resistant to torment.
Your stone body is resilient. (AC +3)
You are immune to poison.
You resist negative energy. (rN+)
You are resistant to electric shocks. (rElec)
You can survive without breathing.
You are immune to petrification.
You are immune to rotting.


Message History

You closely miss the gnoll.
The gnoll is almost dead.
The gnoll hits you but does no damage.
The gnoll hits you from afar with a spear.
You slash the gnoll!
You kill the gnoll!
Okawaru accepts your kill. The gnoll barely misses you.
The gnoll completely misses you. The gnoll hits you but does no damage.
You hit the gnoll.
The gnoll is lightly wounded.
The gnoll misses you. The gnoll barely misses you.
You hit the gnoll.
The gnoll is heavily wounded.
The gnoll misses you. The gnoll hits you with a spear.
You hit the gnoll.
The gnoll is heavily wounded.
The gnoll closely misses you.
The gnoll hits you from afar with a halberd!
You die...

# #.#g.# #.....#..
.. #....# ##.#.....
.. ###.g# #.#...._
.. #g## #.#..... #.
###.#####....#.. #.
#............##. #.
#..########.....
#.###r.#<##.........
#..@gg.#.##.........
#####g##.##.........
#.##.##(........
#.##.##.........
#....##.........
#.#####......... #.#
#.........
#########.........
#.................


You could see 3 gnolls and a rat.

Vanquished Creatures
  A gnoll (D:2)
  2 worms (D:2)
  2 bats
  3 goblins (D:2)
  5 hobgoblins
  2 jackals (D:1)
  2 ball pythons
  2 frilled lizards (D:2)
  6 rats
25 creatures vanquished.

Notes
Turn   | Place    | Note
-------+----------+-------------------------------------------
     0 | D:1      | Ice the Gargoyle Wanderer began the quest for the Orb.
     0 | D:1      | Ice set off with: a +2 hand axe, a scroll of teleportation, a potion of curing, a +0 robe, a bread ration
     0 | D:1      | Reached XP level 1. HP: 16/16 MP: 1/1
   296 | D:1      | Reached XP level 2. HP: 18/21 MP: 2/2
   735 | D:2      | Found an iron altar of Okawaru.
   768 | D:2      | Became a worshipper of Warmaster Okawaru
   860 | D:2      | Reached XP level 3. HP: 12/26 MP: 3/3
   877 | D:2      | Found a shattered altar of Ashenzari.
  1203 | D:2      | Slain by a gnoll

Skill      XL: |  1  2 |
---------------+-------+-----
Axes           | 2 3 |  3.4
Fighting       | |  5.4
Throwing       | |  1.0
Stealth        | |  1.1
Shields        | |  1.1

Action                   || total
-------------------------++-------
Melee: Hand axe          ||    88
Throw: Stone             ||    26
  Use: Scroll            ||     2
  Eat: Chunk             ||     1
Armor: Robe              ||    27
Dodge: Dodged            ||    56
